 Dungeon Crawl Stone Soup version 0.27.1-1-g398f81649c (webtiles) character file.

Game seed: 8403825035772466340

2153 Rickety the Covert (level 9, -2/41 HPs)
             Began as a Spriggan Enchanter on Sept 15, 2021.
             Killed from afar by Eustachio (15 damage)
             ... with a puff of flame
             ... on level 6 of the Dungeon.
             The game lasted 00:22:34 (9026 turns).

Rickety the Covert (Spriggan Enchanter)             Turns: 9026, Time: 00:22:35

Health: -2/41      AC:  2    Str:  2    XL:     9   Next: 10%
Magic:  13/19      EV: 19    Int: 12    God:
Gold:   186        SH:  0    Dex: 19    Spells: 4/20 levels left

rFire    x . .     SeeInvis +   a - +1 dagger (venom)
rCold    + . .     Faith    .   (shield restricted)
rNeg     . . .     Spirit   .   u - +0 robe
rPois    .         Reflect  .   (helmet restricted)
rElec    .         Harm     .   (no cloak)
rCorr    .         Rampage  .   (gloves unavailable)
Will     ++++.                  (boots unavailable)
Stlth    ++++++....             (no amulet)
HPRegen  0.13/turn              D - ring of Satisfaction {Ice Will+++ Str-2 Int-4 Stlth+}
MPRegen  0.16/turn              (no ring)

@: confusing by touch, very quick
A: very small, no large weapons, unfitting armour, see invisible, speed 3
a: no special abilities


You were on level 6 of the Dungeon.
You visited 1 branch of the dungeon, and saw 6 of its levels.
You also visited: Sewer.

You collected 228 gold pieces.
You spent 42 gold pieces at shops.

Inventory:

Hand Weapons
 a - a +1 dagger of venom (weapon)
 b - a +2 short sword of draining
 C - a +1 dagger
 F - a +0 dagger of protection
Missiles
 n - 5 atropa-tipped darts
 z - 47 poisoned darts (quivered)
 A - 3 curare-tipped darts
Armour
 u - a +0 robe (worn)
Jewellery
 D - the ring of Satisfaction (left hand) {Ice Will+++ Str-2 Int-4 Stlth+}
   (You found it on level 5 of the Dungeon)

   [ring of ice]

   It enhances your ice magic.
   Str:       It affects your strength (-2).
   Int:       It affects your intelligence (-4).
   rF:        It makes you vulnerable to fire.
   rC:        It protects you from cold.
   Will:      It greatly increases your willpower.
   Stlth:     It makes you more stealthy.
Wands
 o - a wand of paralysis (8)
 s - a wand of acid (6)
 t - a wand of mindburst (16)
 G - a wand of flame (19)
Scrolls
 c - 2 scrolls of amnesia {unknown}
 d - 2 scrolls of enchant armour {unknown}
 g - a scroll of holy word {unknown}
 j - 2 scrolls of magic mapping {unknown}
 q - a scroll of teleportation {unknown}
 r - 2 scrolls of enchant weapon {unknown}
 v - 2 scrolls of identify {unknown}
 x - a scroll of immolation {unknown}
 y - 2 scrolls of fog {unknown}
 B - a scroll of summoning {unknown}
Potions
 e - 2 potions of cancellation {unknown}
 f - 4 potions of heal wounds {unknown}
 h - a potion of degeneration {unknown}
 i - 2 potions of brilliance {unknown}
 k - 3 potions of haste {unknown}
 l - 2 potions of curing
 m - a potion of mutation {unknown}
 p - a potion of ambrosia {unknown}
 w - a potion of might {unknown}
 E - a potion of lignification {unknown}


   Skills:
 * Level 1.3 Fighting
 * Level 3.0(3.1) Short Blades
 + Level 1.0(1.7) Long Blades
 * Level 1.3 Throwing
 * Level 0.8 Armour
 * Level 4.0 Dodging
 * Level 12.7 Stealth
 * Level 6.2 Spellcasting
 * Level 6.1 Hexes
 - Level 2.0 Ice Magic
 * Level 3.5 Evocations


You had 4 spell levels left.
You knew the following spells:

 Your Spells              Type           Power      Damage    Failure   Level
a - Corona                Hex            20%        N/A       1%          1
b - Ensorcelled Hibernat  Hex/Ice        40%        N/A       4%          2
c - Confusing Touch       Hex            18%        N/A       4%          3
d - Dazzling Flash        Conj/Hex       22%        N/A       16%         3
f - Cause Fear            Hex            9%         N/A       14%         4
t - Tukima's Dance        Hex            18%        N/A       4%          3

Your spell library contained the following spells:

 Spells                   Type           Power      Damage    Failure   Level
 Inner Flame              Hex/Fire       11%        N/A       16%         3
 Discord                  Hex            9%         N/A       100%        8


Dungeon Overview and Level Annotations

Branches:
Dungeon (6/15)              Sewer (visited)
 Temple: D:4-7

Altars:
Hepliaklqana
Ru
Wu Jian
The Shining One

Shops:
D:2 !   D:4 :

Annotations:
D:5 3 runed translucent doors, Cheops's ghost, novice GnWr
D:6 2 runed translucent doors, Eustachio; Grinder; Prince Ribbit


Innate Abilities, Weirdness & Mutations

You are very small and have problems with some larger weapons.
You are too small for most types of armour.
You have supernaturally acute eyesight. (SInv)
You cover ground extremely quickly. (Speed+++)


Message History

Found a stone staircase leading down.
A troll comes into view.
The centaur shouts!
You hit Eustachio.
Eustachio is poisoned.
Eustachio is lightly wounded.
Eustachio zaps a wand.
The puff of flame hits you!! The fire burns you terribly!
Casting: Ensorcelled Hibernation (safe; 4% risk of failure)
Confirm with . or Enter, or press ? or * to list all spells.
Your hands begin to glow red.
Prince Ribbit croaks.
The centaur wields a +0 shortbow.
The centaur shoots an arrow.
The arrow misses you. Eustachio barely misses you.
You hit Eustachio but do no damage.
Eustachio is lightly wounded.
The centaur shoots an arrow.
The arrow closely misses you. Eustachio closely misses you.
The centaur shoots an arrow.
The arrow hits you.
Unknown command.
Casting: Confusing Touch (dangerous; 4% risk of failure)
Confirm with . or Enter, or press ? or * to list all spells.
Aiming: Tukima's Dance (dangerous; 4% risk of failure)
Press: ? - help, Shift-Dir - straight line, f - centaur
Aim: a centaur, wielding a +0 shortbow and quivering arrows (chance to confuse on hit: 49%, chance to affect: 56%)
The +0 shortbow dances into the air!
The centaur hits your +0 shortbow.
The centaur barely misses your +0 shortbow.
Eustachio hits you with a +0 rapier.
* * * LOW HITPOINT WARNING * * *
You hit Eustachio but do no damage.
Eustachio is lightly wounded.
The centaur hits your +0 shortbow.
Your +0 shortbow falls from the air.
Eustachio zaps a wand.
The puff of flame misses you.
Throw: 47 darts (poison)
Press: ? - help, Q - select action, (/) - cycle Shift-Dir - straight line, f/p - centaur
Aim: a centaur (chance to confuse on hit: 49%, 71% to hit)
Okay, then.
Prince Ribbit closely misses you. The centaur misses you.
The centaur closely misses you.
Eustachio zaps a wand.
The puff of flame hits you! The fire burns you terribly!
You die...

###......####......###.###
# ##...#..#.....###.##.##.
######....#...###.#.#.#
#.....#.#..####.###
#.....#........⌠....
........#..####.####
.#........###.#.#T##
##......###.##.##.#
#....#.@c.###.###.
##.....F.)##...##.
##...#...#.....#.
#....##..@...#..
#.5.........##
........###### . ....##..
. ..>. ### .


You could see Eustachio (very poisoned), Prince Ribbit, Grinder (wandering) and
a centaur.

Vanquished Creatures
  Sigmund (D:4)
  A yak (D:6)
  An orc warrior (D:6)
  A black bear (D:5)
  A necrophage (D:6)
  2 ogres
  8 kobold brigands (Sewer)
  3 scorpions
  An electric eel (D:6)
  2 hounds
  A jelly (D:6)
  Ijyb (D:4)
  3 iguanas (D:5)
  Natasha (thrice) (D:2)
  2 orc wizards
  A howler monkey zombie (D:5)
  Robin (D:2)
  2 gnolls
  8 adders
  3 river rats
  3 white imps
  2 ufetubi (D:5)
  3 worms
  A dart slug (D:3)
  7 orcs
  5 bats
  11 endoplasms
  4 giant cockroaches
  16 goblins
  8 hobgoblins
  5 jackals
  6 kobolds
  6 quokkas
  12 ball pythons
  2 frilled lizards
  11 rats
148 creatures vanquished.

Vanquished Creatures (collateral kills)
  Blork the orc (D:4)
  A gnoll (D:3)
  An orc (D:5)
3 creatures vanquished.

Vanquished Creatures (others)
  4 dancing weapons
4 creatures vanquished.

Grand Total: 155 creatures vanquished

Notes
Turn   | Place    | Note
-------+----------+-------------------------------------------
     0 | D:1      | Rickety the Spriggan Enchanter began the quest for the Orb.
     0 | D:1      | Reached XP level 1. HP: 9/9 MP: 5/5
   245 | D:1      | Reached skill level 5 in Stealth
   247 | D:1      | Reached XP level 2. HP: 12/13 MP: 4/6
   250 | D:1      | Learned a level 2 spell: Ensorcelled Hibernation
  1124 | D:1      | Found a faded altar of an unknown god.
  1729 | D:2      | Reached XP level 3. HP: 11/16 MP: 3/8
  1733 | D:2      | Learned a level 3 spell: Confusing Touch
  1843 | D:2      | Found Woxzesue's Distillery.
  1846 | D:2      | Bought a potion of curing for 42 gold pieces
  1855 | D:2      | Noticed Natasha
  1860 | D:2      | Killed Natasha
  2116 | D:2      | Reached skill level 6 in Stealth
  2327 | D:2      | Noticed Natasha
  2338 | D:2      | Killed Natasha
  2339 | D:2      | Reached XP level 4. HP: 21/21 MP: 6/9
  2587 | D:2      | Reached skill level 1 in Ice Magic
  2686 | D:2      | Noticed Robin
  2854 | D:2      | Killed Robin
  3181 | D:2      | Noticed Natasha
  3184 | D:2      | Killed Natasha
  3185 | D:2      | Reached skill level 7 in Stealth
  3185 | D:2      | Reached XP level 5. HP: 24/24 MP: 11/11
  3446 | D:3      | Found an ornate altar of the Wu Jian Council.
  4240 | D:3      | Learned a level 3 spell: Tukima's Dance
  4255 | D:4      | Noticed Sigmund
  4256 | D:4      | Noticed Ijyb
  4278 | D:4      | Killed Sigmund
  4279 | D:4      | Reached skill level 8 in Stealth
  4279 | D:4      | Reached XP level 6. HP: 28/28 MP: 5/12
  4394 | D:4      | Noticed Blork the orc
  5137 | D:4      | Found Xuhadite's Book Shop.
  5178 | D:4      | Killed Ijyb
  5194 | D:4      | Killed Blork the orc
  5453 | D:4      | Found a hazy altar of Hepliaklqana.
  5754 | D:5      | Entered Level 5 of the Dungeon
  5759 | D:5      | Reached skill level 9 in Stealth
  5776 | D:5      | Found a runed translucent gate.
  5776 | D:5      | Found a runed translucent gate.
  5776 | D:5      | Found a runed translucent gate.
  5839 | D:5      | Reached XP level 7. HP: 13/32 MP: 1/14
  5862 | D:5      | Found a sacrificial altar of Ru.
  5883 | D:5      | Reached skill level 5 in Hexes
  5997 | D:5      | Noticed Cheops's ghost (novice GnWr)
  6106 | D:5      | Found a glowing drain.
  6117 | Sewer    | Entered a sewer
  6345 | Sewer    | Reached skill level 10 in Stealth
  6464 | Sewer    | Reached skill level 5 in Spellcasting
  6464 | Sewer    | Reached skill level 1 in Evocations
  6598 | Sewer    | Reached XP level 8. HP: 8/37 MP: 7/16
  6871 | Sewer    | Reached skill level 11 in Stealth
  7496 | D:5      | Identified the ring of Satisfaction {Ice Will+++ Str-2
                  | Int-4 Stlth+}
  7503 | D:5      | Reached skill level 12 in Stealth
  7803 | D:5      | Learned a level 3 spell: Dazzling Flash
  7808 | D:5      | Learned a level 4 spell: Cause Fear
  8369 | D:6      | Found a glowing golden altar of the Shining One.
  8405 | D:6      | Reached skill level 1 in Fighting
  8428 | D:6      | Found a runed translucent door.
  8430 | D:6      | Found a runed translucent door.
  8448 | D:6      | Reached skill level 1 in Throwing
  8477 | D:6      | Noticed Prince Ribbit
  8511 | D:6      | Noticed Grinder
  8680 | D:6      | Reached XP level 9. HP: 41/41 MP: 19/19
  8684 | D:6      | Noticed a troll
  8906 | D:6      | Reached skill level 1 in Long Blades
  9010 | D:6      | Noticed Eustachio
  9016 | D:6      | Noticed a troll
  9026 | D:6      | Killed from afar by Eustachio

Illustrated notes

Levels and vault maps discovered:
D:1:      wander_arrival_lonely_grave, layout_loops_corners,
          dreamdust_ecumenical_altar_angels_and_demons, minmay_misc_feat_rugged
D:2:      minmay_chambers_of_twos, layout_basic, serial_shops, shop,
          minmay_heptomino_d4, uniq_natasha, uniq_robin
D:3:      layout_loops_cross, nzn_wu_jian_contemplation, fountainhead
D:4:      layout_rooms, nicolae_hepliaklqana_hippocampus, serial_shops, shop,
          roderic_lattice_a, chequers_avenue, uniq_blork_the_orc, uniq_sigmund,
          uniq_ijyb
D:5:      layout_rooms, general_overflow_altar, cheibrodos_sewer_entry_sluice,
          gammafunk_ghost_split
D:6:      lemuel_insect_pit, layout_cave_pools,
          grunt_temple_overflow_order_and_chaos_1, mainiacjoe_overflow_catwalk,
          minmay_temple_entry_tees, st_stairs_7, nicolae_specific_store,
          minivault_14, kb_rosetta, uniq_eustachio, uniq_prince_ribbit1,
          uniq_grinder

Skill      XL: |  1  2  3  4  5  6  7  8  9 |
---------------+----------------------------+-----
Stealth        | 5 6 7 8 9 10 12 | 12.7
Dodging        | 3 4 |  4.0
Spellcasting   | 3 4 5 6 |  6.2
Hexes          | 4 5 6 |  6.1
Ice Magic      | 1 2 |  2.0
Short Blades   | 2 3 |  3.0
Evocations     | 1 3 |  3.5
Fighting       | 1 |  1.3
Throwing       | 1 |  1.3
Long Blades    | 1 |  1.0
Armour         | |  0.8

Action                   |  1- 3 |  4- 6 |  7- 9 || total
-------------------------+-------+-------+-------++-------
Melee: Dagger            |    67 |   164 |   140 ||   371
       Short sword       |       |       |     8 ||     8
Throw: Dart              |       |       |     4 ||     4
 Cast: Corona            |     3 |       |       ||     3
       Ensorcelled Hiber |    23 |    55 |    66 ||   144
       Tukima's Dance    |       |     5 |     5 ||    10
       Confusing Touch   |       |     3 |    10 ||    13
Evoke: Wand              |       |       |     2 ||     2
 Stab: Sleeping          |    23 |    38 |    44 ||   105
       Distracted        |     1 |     2 |       ||     3
       Confused          |       |     3 |     5 ||     8
Armor: Robe              |     6 |    14 |       ||    20
Dodge: Dodged            |    44 |   134 |   115 ||   293
